 Dungeon Crawl Stone Soup version 0.28.0-62-gf88900778d (webtiles) character file.

Game seed: 924486730610297167

222782 cbfl8 the Severer (level 18, -9/147 HPs)
             Began as a Demonspawn Fighter on June 30, 2023.
             Was the Champion of Okawaru.
             Mangled by a 19-headed hydra (11 damage)
             ... called by a spriggan druid
             ... on level 4 of the Swamp.
             The game lasted 01:02:49 (34089 turns).

cbfl8 the Severer (Demonspawn Fighter)             Turns: 34089, Time: 01:02:49

Health: -9/147     AC: 45    Str: 26    XL:     18   Next: 92%
Magic:  38/38      EV: 13    Int: 14    God:    Okawaru [******]
Gold:   2547       SH: 16    Dex: 35    Spells: 17/17 levels left

rFire   + . .      SeeInvis .   D - +8 mithril axe "Arga" {speed, Will+}
rCold   + . .      Faith    .   d - +0 kite shield
rNeg    . . .      Spirit   .   y - +14 crystal plate armour of Jougrium {rC+ Dex+3}
rPois   .          Reflect  .   t - +3 hat of Pondering {ponderous, Will+ MP+10 Int+5}
rElec   +          Harm     .   (cloak unavailable)
rCorr   .          Rampage  .   v - +0 pair of fencer's gloves {Riposte Dex+3}
Will    +++..                   o - +2 pair of boots {Fly}
Stlth   ..........              e - amulet of regeneration
HPRegen 1.14/turn               N - ring "Rukes" {rF+ Str+7 Dex+4}
MPRegen 0.26/turn               K - ring of Qoerohu {rElec Dex+6}

@: flying, studying 2 skills, slow
A: (demonic guardian 3), ignite blood 3, sharp scales 2, corrupting presence 1,
weakness stinger 3
a: Renounce Religion, Heroism, Finesse, Duel


You were on level 4 of the Swamp.
You worshipped Okawaru.
Okawaru was exalted by your worship.
You visited 6 branches of the dungeon, and saw 31 of its levels.
You also visited: Bailey, Gauntlet and Ice Cave.

You collected 4246 gold pieces.
You spent 1699 gold pieces at shops.

Inventory:

Hand Weapons
 D - the +8 mithril axe "Arga" (weapon) {speed, Will+}
   (Okawaru gifted it to you on level 6 of the Lair of Beasts)

   Attacks with this weapon are significantly faster.
   Will:      It increases your willpower.
 G - a +6 spectral broad axe
Armour
 d - a +0 kite shield (worn)
 o - a +2 pair of boots of flying (worn)
 t - the +3 hat of Pondering (worn) {ponderous, Will+ MP+10 Int+5}
   (You took it off Gastronok on level 1 of the Lair of Beasts)

   Int:       It affects your intelligence (+5).
   MP:        It affects your magic capacity (+10).
   Will:      It increases your willpower.
 v - the +0 pair of fencer's gloves (worn) {Riposte Dex+3}
   (You acquired it on level 7 of the Dungeon)

   It allows the wearer to riposte with melee weapons, swiftly retaliating
   against missed attacks.
   Dex:       It affects your dexterity (+3).
 y - the +14 crystal plate armour of Jougrium (worn) {rC+ Dex+3}
   (You acquired it on level 7 of the Dungeon)

   Dex:       It affects your dexterity (+3).
   rC:        It protects you from cold.
Jewellery
 e - an amulet of regeneration (around neck)
 K - the ring of Qoerohu (right hand) {rElec Dex+6}
   (You found it in a Gauntlet)

   [ring of dexterity]

   Dex:       It affects your dexterity (+6).
   rElec:     It insulates you from electricity.
 N - the ring "Rukes" (left hand) {rF+ Str+7 Dex+4}
   (You found it on level 6 of the Lair of Beasts)

   [ring of protection from fire]

   Str:       It affects your strength (+7).
   Dex:       It affects your dexterity (+4).
   rF:        It protects you from fire.
Wands
 r - a wand of paralysis (39)
 x - a wand of digging (27)
 z - a wand of iceblast (5)
 H - a wand of acid (17) (quivered)
 M - a wand of flame (8)
 Q - a wand of mindburst (9)
Scrolls
 a - 5 scrolls of holy word
 f - 4 scrolls of noise
 h - 5 scrolls of blinking
 i - 9 scrolls of identify
 j - 5 scrolls of fear
 k - 15 scrolls of teleportation
 l - a scroll of silence
 n - a scroll of fog
 F - 2 scrolls of magic mapping
Potions
 b - 4 potions of might
 g - 7 potions of invisibility
 m - 4 potions of haste
 p - 2 potions of cancellation
 q - 3 potions of resistance
 s - 14 potions of curing
 u - 5 potions of mutation
 A - 2 potions of ambrosia
 B - 8 potions of berserk rage
 C - 8 potions of heal wounds
Miscellaneous
 c - a phial of floods
 w - a piece from Xom's chessboard (15/15)
 I - a piece from Xom's chessboard (15/15)
 J - a tin of tremorstones (2/2)
 L - a condenser vane
 O - a lightning rod (4/4)


   Skills:
 * Level 14.4 Fighting
 + Level 16.7 Axes
 * Level 12.0 Armour
 * Level 10.2 Dodging
 * Level 13.7 Stealth
 * Level 10.8 Shields
 * Level 13.5 Invocations
 * Level 12.1 Evocations


You had 17 spell levels left.
You didn't know any spells.
Your spell library contained the following spells:

 Spells                   Type           Power      Damage    Failure   Level
 Apportation              Tloc           0%         N/A       100%        1
 Magic Dart               Conj           0%         1d3       100%        1
 Sandblast                Erth           0%         2d4       100%        1
 Corpse Rot               Necr/Air       0%         N/A       100%        2
 Ensorcelled Hibernation  Hex/Ice        0%         N/A       100%        2
 Passwall                 Tmut/Erth      0%         N/A       100%        2
 Poisonous Vapours        Pois/Air       0%         N/A       100%        2
 Scorch                   Fire           0%         2d5       100%        2
 Frozen Ramparts          Ice            0%         1d2       100%        3
 Mephitic Cloud           Conj/Pois/Air  0%         N/A       100%        3
 Portal Projectile        Hex/Tloc       0%         N/A       100%        3
 Spider Form              Tmut/Pois      0%         N/A       100%        3
 Stone Arrow              Conj/Erth      0%         3d7       100%        3
 Anguish                  Hex/Necr       0%         N/A       100%        4
 Flame Wave               Conj/Fire      0%         2d4       100%        4
 Hailstorm                Conj/Ice       0%         3d3       100%        4
 Ice Form                 Ice/Tmut       0%         N/A       100%        4
 Leda's Liquefaction      Hex/Erth       0%         N/A       100%        4
 Passage of Golubria      Tloc           0%         N/A       100%        4
 Alistair's Intoxication  Tmut/Pois      0%         N/A       100%        5
 Blade Hands              Tmut           0%         N/A       100%        5
 Borgnjor's Vile Clutch   Necr/Erth      0%         N/A       100%        5
 Excruciating Wounds      Necr           0%         N/A       100%        5
 Freezing Cloud           Conj/Ice/Air   0%         6-21      100%        5
 Iskenderun's Battlesphe  Conj           0%         2d6       100%        5
 Yara's Violent Unravell  Hex/Tmut       0%         3d3       100%        5
 Eringya's Noxious Bog    Tmut/Pois      0%         N/A       100%        6
 Iron Shot                Conj/Erth      0%         9d1       100%        6
 Chain Lightning          Conj/Air       0%         N/A       100%        9
 Fire Storm               Conj/Fire      0%         5d1       100%        9
 Polar Vortex             Ice            0%         N/A       100%        9
 Shatter                  Erth           0%         3d5*      100%        9
 Animate Skeleton         Necr           Unusable   N/A       N/A         1
 Summon Small Mammal      Summ           Unusable   N/A       N/A         1
 Call Imp                 Summ           Unusable   N/A       N/A         2
 Call Canine Familiar     Summ           Unusable   N/A       N/A         3
 Summon Guardian Golem    Hex/Summ       Unusable   N/A       N/A         3
 Tukima's Dance           Hex            Unusable   N/A       N/A         3
 Animate Dead             Necr           Unusable   N/A       N/A         4
 Summon Forest            Summ/Tloc      Unusable   N/A       N/A         5
 Death Channel            Necr           Unusable   N/A       N/A         6
 Simulacrum               Ice/Necr       Unusable   N/A       N/A         6
 Summon Cactus Giant      Summ           Unusable   N/A       N/A         6
 Spellforged Servitor     Conj/Summ      Unusable   N/A       N/A         7
 Summon Hydra             Summ           Unusable   N/A       N/A         7

Dungeon Overview and Level Annotations

Branches:
Dungeon (15/15)            Temple (1/1) D:6            Lair (6/6) D:11
  Swamp (4/4) Lair:3       Spider (0/4) Lair:4        Slime (0/5) Lair:6
    Orc (2/2) D:9             Elf (3/3) Orc:2        Vaults (0/5) D:13
 Depths (0/4) D:15         Bailey (visited)           IceCv (visited)
Gauntlet (visited)

Altars:
Ashenzari
Cheibriados
Dithmenos
Elyvilon
Fedhas
Gozag
Hepliaklqana
Kikubaaqudgha
Makhleb
Nemelex Xobeh
Okawaru
Ru
Sif Muna
Trog
Vehumet
Wu Jian
Xom
Yredelemnul
Zin
The Shining One
Beogh

Shops:
D:3 ?   D:12 =   D:13 ?   Orc:2 [([*

Portals:
Trove: D:12 (give +3 storm dragon scales)

Annotations:
D:3 1 runed translucent door, Crazy Yiuf
D:8 3 runed translucent doors, Jingleheimer's ghost, novice BaHu; jjjjhere's ghost, novice MiEn
Lair:6 exclusion: 2 oklob plants


Innate Abilities, Weirdness & Mutations

((A powerful demonic guardian rushes to your aid.))
Your demonic aura causes all spilled blood to erupt in flames.
You are mostly covered in razor-sharp scales. (AC +2, Slay +2)
Your presence sometimes corrodes those you injure.
You have a sharp stinger which inflicts weakening toxins.


Message History

The bunyip seems to grow more fierce.
You kill the spriggan druid!
Okawaru accepts your kill.
You are hit by a branch.
You block the wizard's attack.
You block the 20-headed hydra's attack. x2
The 20-headed hydra bites you but does no damage. x2
The 20-headed hydra closely misses you.
The 20-headed hydra bites you but does no damage.
The 20-headed hydra closely misses you. You block the 20-headed hydra's attack.
The 20-headed hydra closely misses you.
The 20-headed hydra bites you but does no damage.
The 20-headed hydra barely misses you.
The 20-headed hydra bites you but does no damage.
The 20-headed hydra misses you. The 20-headed hydra barely misses you.
The 20-headed hydra bites you but does no damage. x2
The 20-headed hydra bites you! The 20-headed hydra barely misses you.
The 20-headed hydra bites you.
The 20-headed hydra bites you but does no damage.
The orange demon completely misses you.
You slice the wizard!!
The wizard is severely wounded.
You hack one of the 20-headed hydra's heads off!
You hit the 19-headed hydra. You hit the bunyip but do no damage.
A tree reaches out and hits you!
* * * LOW HITPOINT WARNING * * *
The bunyip is engulfed in blazing flames.
The bunyip claws you!!!
* * * LOW HITPOINT WARNING * * *
The bunyip misses you. The bunyip barely misses you.
The wizard splashes around in the water.
You block the 19-headed hydra's attack.
The 19-headed hydra bites you but does no damage.
You block the 19-headed hydra's attack. x2
The 19-headed hydra bites you but does no damage.
The 19-headed hydra completely misses you.
You block the 19-headed hydra's attack. The 19-headed hydra barely misses you.
The 19-headed hydra bites you but does no damage. x3
The 19-headed hydra barely misses you. The 19-headed hydra misses you.
The 19-headed hydra bites you!
You die...

♣♣♣ ≈≈♣ ≈≈ ♣♣≈.
♣≈≈♣♣ ≈≈≈ ♣≈≈≈
♣♣.≈)♣ ♣... ♣.≈≈
♣≈≈≈≈♣ ♣≈.≈≈
♣≈≈/♣♣≈≈≈≈♣♣♣.≈...
♣♣♣♣♣@♣♣♣≈.≈.≈§≈§≈#
♣≈?§Dpx♣♣♣..≈≈≈≈≈#
♣.≈≈§≈≈4♣..≈≈≈≈§#
♣.≈≈≈≈≈i≈!≈≈.≈≈##
♣♣..≈≈≈..÷≈§≈4.#
♣♣≈≈≈≈..≈≈..§##
♣♣≈♣♣.≈≈≈$≈.# ♣♣
♣♣≈.≈.^.#
♣.≈§§§#≈≈.≈≈


You could see a bunyip (strong), a 19-headed hydra (strong, corroded), an orange
demon (corroded), a spriggan druid and a wizard.

Vanquished Creatures
  2 tentacled monstrosities
  Jorgrun (D:13)
  Mlioglotl (Swamp:1)
  3 deep elf blademasters
  2 deep elf master archers
  Gastronok (Lair:1)
  A thorn hunter (Swamp:3)
  6 deep elf sorcerers
  An orc warlord (Orc:2)
  A deep elf elementalist (Elf:3)
  A stone giant (D:15)
  A ghoul (Swamp:3)
  3 deep elf demonologists (Elf:3)
  6 deep elf annihilators (Elf:3)
  5 eleionomae
  2 dire elephants (Lair:6)
  6 bunyips
  A minotaur (Gauntlet)
  Josephine (D:11)
  4 deep elf death magi
  3 deep elf high priests
  A yaktaur captain (D:13)
  4 shambling mangroves
  A rakshasa (D:13)
  3 catoblepae
  3 ghost crabs
  5 alligators
  6 centaur warriors
  10 boulder beetles
  16 hydras
  A two-headed ogre (Orc:1)
  30 dancing weapons
  3 tengu warriors (D:15)
  20 death yaks
  Urug (Orc:2)
  An orc high priest (Elf:1)
  Nergalle (Lair:2)
  17 deep elf knights
  Sonja (Orc:1)
  2 spectral death yaks (Lair:6)
  A sixfirhy (Swamp:4)
  4 goliath frogs
  2 death drakes
  A spectral anaconda (Lair:6)
  6 spriggan druids
  A glowing orange brain (D:14)
  3 wizards (D:14)
  3 bog bodies
  2 swamp dragons
  16 deep elf archers
  An obsidian statue (Lair:6)
  2 lindwurms
  5 orc knights
  2 oklob plants (Lair:6)
  34 deep elf pyromancers
  4 necromancers (Lair:6)
  A wolf spider (D:14)
  43 deep elf zephyrmancers
  2 orc sorcerers (Orc:2)
  13 ugly things
  5 manticores
  2 will-o-the-wisps
  14 cyclopes
  16 elephants
  Maurice (D:11)
  2 ice statues (IceCv)
  4 black mambas
  A torpor snail (Lair:4)
  A dire elephant skeleton (Lair:6)
  11 cane toads
  4 rime drakes
  2 efreet
  Maggie (D:6)
  Psyche (D:9)
  8 komodo dragons
  A kobold demonologist (D:12)
  2 yaktaurs (D:13)
  3 freezing wraiths
  6 trolls
  A meliai (shapeshifter) (D:14)
  A polar bear (Lair:2)
  19 hornets
  11 tyrant leeches
  Grinder (D:4)
  15 dream sheep
  A spectral elephant (Lair:6)
  12 slime creatures
  9 blink frogs (Lair:6)
  18 spriggans
  2 water elementals
  A centaur simulacrum (D:14)
  4 wraiths
  52 yaks
  An air elemental (Elf:1)
  2 shadows
  2 wyverns
  Sigmund (D:6)
  6 basilisks
  7 fire elementals
  A steam dragon (Lair:6)
  22 vampire mosquitoes
  2 spectral cane toads (Lair:6)
  A chaos spawn (Swamp:3)
  An acid dragon (Lair:6)
  A death yak simulacrum (IceCv)
  6 wargs
  15 swamp worms
  16 water moccasins
  Duvessa (D:5)
  2 hell hounds (Gauntlet)
  A spectral hornet (D:14)
  34 orc warriors
  5 ice beasts
  3 necrophages (D:11)
  2 swamp drakes (Lair:6)
  An elephant zombie (Lair:6)
  4 ogres
  15 wolves
  12 centaurs
  An elephant skeleton (Lair:6)
  2 kobold brigands (D:12)
  Blork the orc (D:4)
  13 bullfrogs
  4 cane toad simulacra
  6 earth elementals
  2 scorpions
  3 gnoll sergeants
  Dowan (D:5)
  A ballistomycete (Lair:6)
  3 elephant simulacra
  A killer bee (D:9)
  2 electric eels
  13 wights
  5 howler monkeys
  10 centaur zombies
  A jelly (D:5)
  A bullfrog zombie (D:5)
  16 orc priests
  5 centaur skeletons
  5 hounds
  A bullfrog skeleton (D:5)
  Natasha (thrice) (D:2)
  2 iguanas
  29 orc wizards
  Robin (D:4)
  3 howler monkey zombies
  8 adders
  15 gnolls
  2 white imps (D:6)
  3 dart slugs
  91 orcs
  3 ball pythons
  3 bats
  7 endoplasms
  21 goblins
  12 hobgoblins
  4 jackals (D:2)
  6 quokkas
  17 kobolds
  5 rats
  A spectral orc (D:14)
  A ballistomycete spore (Lair:6)
1054 creatures vanquished.

Vanquished Creatures (collateral kills)
  A scorpion (D:5)
  An orc wizard (D:5)
  A worm (D:5)
3 creatures vanquished.

Vanquished Creatures (others)
  An eleionoma (Swamp:3)
  A bunyip (Swamp:2)
  3 bloated husks
  An orc wizard (D:11)
  An adder (D:3)
  A ballistomycete spore (Lair:6)
  4 foxfires
  67 fungi
  73 plants
  54 withered plants
206 creatures vanquished.

Grand Total: 1263 creatures vanquished

Notes
Turn   | Place    | Note
-------+----------+-------------------------------------------
     0 | D:1      | cbfl8 the Demonspawn Fighter began the quest for the Orb.
     0 | D:1      | Reached XP level 1. HP: 18/18 MP: 1/1
   307 | D:1      | Reached skill level 2 in Axes
   307 | D:1      | Gained mutation: Your demonic aura sometimes causes spilled
                  | blood to erupt in flames. [demonic ancestry]
   307 | D:1      | Reached XP level 2. HP: 24/24 MP: 2/2
   346 | D:1      | Found a faded altar of an unknown god.
   763 | D:1      | Reached skill level 1 in Evocations
   933 | D:2      | Found an ornate altar of the Wu Jian Council.
   937 | D:2      | Reached XP level 3. HP: 29/29 MP: 3/3
   940 | D:2      | Identified the +1 ring mail of the Archfiend {*Corrode rF++
                  | rC- Will+++}
  1445 | D:2      | Noticed Natasha
  1456 | D:2      | Killed Natasha
  1457 | D:2      | Gained mutation: You have a small tail. [demonic ancestry]
  1457 | D:2      | Reached XP level 4. HP: 26/35 MP: 4/4
  1534 | D:2      | Noticed Natasha
  1539 | D:2      | Killed Natasha
  1540 | D:2      | Reached skill level 3 in Axes
  1655 | D:2      | Noticed Natasha
  1662 | D:2      | Killed Natasha
  1663 | D:2      | Reached skill level 1 in Dodging
  1663 | D:2      | Gained mutation: You have a tail ending in a sharp stinger.
                  | [demonic ancestry]
  1663 | D:2      | Reached XP level 5. HP: 30/41 MP: 5/5
  1699 | D:3      | Found Kecoq's Magic Scroll Shop.
  1706 | D:3      | Bought a scroll of identify for 24 gold pieces
  1710 | D:3      | Noticed an ice beast
  1715 | D:3      | Killed an ice beast
  1929 | D:3      | Gained mutation: You are partially covered in razor-sharp
                  | scales. (AC +1, Slay +1) [demonic ancestry]
  1929 | D:3      | Reached XP level 6. HP: 47/47 MP: 6/6
  2034 | D:3      | Found a runed translucent door.
  2035 | D:3      | Noticed Crazy Yiuf
  2445 | D:3      | Reached skill level 4 in Axes
  2735 | D:4      | Noticed Robin
  2736 | D:4      | Noticed Blork the orc
  2744 | D:4      | Killed Blork the orc
  2746 | D:4      | Killed Robin
  2781 | D:4      | You fall into a shaft and drop 2 floors!
  2833 | D:5      | Entered Level 5 of the Dungeon
  2885 | D:5      | Noticed a water moccasin
  2890 | D:5      | Killed a water moccasin
  2891 | D:5      | Gained mutation: You are mostly covered in razor-sharp
                  | scales. (AC +2, Slay +2) [demonic ancestry]
  2891 | D:5      | Reached XP level 7. HP: 49/53 MP: 7/7
  2986 | D:4      | Noticed Grinder
  3000 | D:4      | Killed Grinder
  3001 | D:4      | Reached skill level 5 in Axes
  3497 | D:5      | Noticed Dowan
  3498 | D:5      | Noticed Duvessa
  3514 | D:5      | Killed Duvessa
  3515 | D:5      | Reached skill level 6 in Axes
  3515 | D:5      | Reached XP level 8. HP: 32/60 MP: 8/8
  3533 | D:5      | Killed Dowan
  4167 | D:6      | Reached skill level 7 in Axes
  4167 | D:6      | Noticed Sigmund
  4182 | D:6      | Found a staircase to the Ecumenical Temple.
  4188 | D:6      | Killed Sigmund
  4197 | D:6      | Reached skill level 5 in Evocations
  4217 | Temple   | Entered the Ecumenical Temple
  4333 | Temple   | Became a worshipper of Warmaster Okawaru
  4463 | D:6      | Gained mutation: Your demonic aura often causes spilled
                  | blood to erupt in flames. [demonic ancestry]
  4463 | D:6      | Reached XP level 9. HP: 56/67 MP: 9/9
  4510 | D:6      | Noticed Maggie
  4523 | D:6      | Killed Maggie
  4524 | D:6      | Reached skill level 5 in Fighting
  4716 | D:6      | Reached * piety under Okawaru
  4717 | D:6      | Reached skill level 8 in Axes
  5069 | D:7      | Identified the +11 flail "Gram" {holy, rF+ SInv}
  5079 | D:7      | Reached skill level 5 in Armour
  5535 | D:7      | Reached ** piety under Okawaru
  5988 | D:7      | Reached skill level 9 in Axes
  6144 | D:8      | Found a blossoming altar of Fedhas.
  6331 | D:7      | Identified 3 scrolls of acquirement
  6332 | D:7      | Acquired 1030 gold pieces
  6334 | D:7      | Acquired the +14 crystal plate armour of Jougrium {rC+
                  | Dex+3}
  6336 | D:7      | Acquired the +0 pair of fencer's gloves {Riposte Dex+3}
  6336 | D:7      | Found the +0 pair of fencer's gloves {Riposte Dex+3}
  6368 | D:8      | Reached XP level 10. HP: 60/74 MP: 10/10
  6853 | D:8      | Found a runed translucent gate.
  6853 | D:8      | Found a runed translucent gate.
  6853 | D:8      | Found a runed translucent gate.
  6854 | D:8      | Noticed Jingleheimer's ghost (novice BaHu)
  6854 | D:8      | Noticed jjjjhere's ghost (novice MiEn)
  7167 | D:9      | Identified the +4 trident "Rizen" {distort, Will++}
  7261 | D:9      | Noticed a centaur warrior
  7266 | D:9      | Noticed a manticore
  7270 | D:9      | Killed a centaur warrior
  7270 | D:9      | Reached *** piety under Okawaru
  7271 | D:9      | Reached skill level 1 in Stealth
  7271 | D:9      | Reached skill level 5 in Shields
  7271 | D:9      | Reached skill level 1 in Invocations
  7272 | D:9      | Killed a manticore
  7277 | D:9      | Reached **** piety under Okawaru
  7446 | D:9      | Found a flagged portal.
  7455 | Bailey   | Entered a bailey
  7470 | Bailey   | Noticed an orc knight
  7536 | Bailey   | Killed an orc knight
  7660 | Bailey   | Noticed an orc knight
  7666 | Bailey   | Killed an orc knight
  7701 | Bailey   | Noticed an orc knight
  7710 | Bailey   | Reached skill level 10 in Axes
  7714 | Bailey   | Killed an orc knight
  7715 | Bailey   | Gained mutation: A weak demonic guardian rushes to your
                  | aid. [demonic ancestry]
  7715 | Bailey   | Reached XP level 11. HP: 82/83 MP: 11/13
  7942 | D:9      | Reached ***** piety under Okawaru
  8082 | D:9      | Noticed Psyche
  8090 | D:9      | Killed Psyche
  8156 | D:9      | Found a staircase to the Orcish Mines.
  8406 | D:10     | Entered Level 10 of the Dungeon
  8487 | D:10     | Found an ornate altar of the Wu Jian Council.
  8821 | D:10     | Acquired a manual of Stealth
  8849 | D:11     | Noticed Josephine
  8952 | D:11     | Identified the +0 robe of the Known World {Int+9} (Okawaru
                  | gifted it to you on level 11 of the Dungeon)
  8952 | D:11     | Received a gift from Okawaru
  8983 | D:11     | Noticed a boulder beetle
  9006 | D:11     | Killed a boulder beetle
  9132 | D:11     | Killed Josephine
  9133 | D:11     | Reached skill level 5 in Invocations
  9172 | D:11     | Noticed Maurice
  9183 | D:11     | Killed Maurice
  9183 | D:11     | Reached ****** piety under Okawaru
  9184 | D:11     | Gained mutation: You have a sharp stinger which inflicts
                  | weakening toxins. [demonic ancestry]
  9184 | D:11     | Reached XP level 12. HP: 91/91 MP: 14/16
  9289 | D:11     | Reached skill level 5 in Stealth
  9306 | D:11     | Found a staircase to the Lair.
  9598 | D:12     | Found a portal to a secret trove of treasure.
  9658 | D:12     | Reached skill level 11 in Axes
  9697 | D:12     | Noticed an eight-headed hydra
  9708 | D:12     | Killed a 15-headed hydra
  9763 | D:12     | Found Xamecwob's Jewellery Shop.
  9774 | D:12     | Noticed a centaur warrior
  9780 | D:12     | Killed a centaur warrior
  9780 | D:12     | Received a gift from Okawaru
  9786 | D:12     | Bought a +6 ring of strength for 819 gold pieces
 10042 | D:13     | Found Hounot's Magic Scroll Shop.
 10052 | D:13     | Bought a scroll of teleportation for 45 gold pieces
 10052 | D:13     | Bought a scroll of teleportation for 45 gold pieces
 10052 | D:13     | Bought a scroll of blinking for 112 gold pieces
 10052 | D:13     | Bought a scroll of identify for 30 gold pieces
 10052 | D:13     | Bought a scroll of identify for 30 gold pieces
 10111 | D:13     | Noticed a yaktaur captain
 10125 | D:13     | Killed a yaktaur captain
 10139 | D:13     | Reached skill level 5 in Dodging
 10140 | D:13     | Found a gate to the Vaults.
 10164 | D:13     | Found a gate leading to a gauntlet.
 10173 | Gauntlet | Entered a Gauntlet
 10173 | Gauntlet | Found a transporter.
 10182 | Gauntlet | Found a transporter.
 10200 | Gauntlet | Found a transporter.
 10203 | Gauntlet | Found a transporter.
 10224 | Gauntlet | Found a transporter.
 10237 | Gauntlet | Found a transporter.
 10251 | Gauntlet | Found a transporter.
 10271 | Gauntlet | Noticed an entropy weaver
 10281 | Gauntlet | Found a transporter.
 10281 | Gauntlet | Found a transporter.
 10282 | Gauntlet | Found a runed translucent door.
 10286 | Gauntlet | Found a transporter.
 10296 | Gauntlet | Found a runed translucent door.
 10319 | Gauntlet | Found a transporter.
 10319 | Gauntlet | Found a transporter.
 10336 | Gauntlet | Noticed a ghost crab
 10527 | Gauntlet | Identified the ring of Qoerohu {rElec Dex+6}
 10570 | Gauntlet | Killed a ghost crab
 10574 | Gauntlet | Identified the +1 helmet of Parts Unknown {rF+}
 10591 | Gauntlet | Noticed a minotaur
 10606 | Gauntlet | Killed a minotaur
 10993 | D:13     | Identified the +4 lajatang of Blue Prudence {venom, Int+2}
                  | (Okawaru gifted it to you on level 13 of the Dungeon)
 10993 | D:13     | Received a gift from Okawaru
 11258 | D:13     | Noticed Jorgrun
 11267 | D:13     | Killed Jorgrun
 11458 | D:14     | Noticed a boulder beetle
 11510 | D:14     | Killed a boulder beetle
 11545 | D:14     | Noticed a boulder beetle
 11551 | D:14     | Gained mutation: Your demonic aura causes all spilled blood
                  | to erupt in flames. [demonic ancestry]
 11551 | D:14     | Reached XP level 13. HP: 99/99 MP: 18/18
 11592 | D:14     | Identified the +11 crystal plate armour of Oniblyats {Harm
                  | rPois rF+ Str-5} (Okawaru gifted it to you on level 14 of
                  | the Dungeon)
 11592 | D:14     | Received a gift from Okawaru
 11842 | D:14     | Reached skill level 12 in Axes
 11886 | D:14     | Found a basalt altar of Yredelemnul.
 12508 | D:14     | Received a gift from Okawaru
 12526 | D:14     | Identified the +1 lajatang "Awua" {protect, Will+ Int-5
                  | Dex+5} (Okawaru gifted it to you on level 14 of the
                  | Dungeon)
 12526 | D:14     | Received a gift from Okawaru
 12536 | D:14     | Gained mutation: A demonic guardian rushes to your aid.
                  | [demonic ancestry]
 12536 | D:14     | Reached XP level 14. HP: 109/109 MP: 20/20
 12947 | D:15     | Entered Level 15 of the Dungeon
 13111 | D:15     | Reached skill level 10 in Fighting
 13661 | D:15     | Found a staircase to the Depths.
 13661 | D:15     | Noticed a stone giant
 13666 | D:15     | Killed a stone giant
 13768 | D:15     | Reached skill level 13 in Axes
 14070 | Lair:1   | Entered Level 1 of the Lair of Beasts
 14137 | Lair:1   | Noticed Gastronok
 14152 | Lair:1   | Killed Gastronok
 14231 | Lair:1   | Received a gift from Okawaru
 14660 | Lair:1   | Identified the +2 chain mail of Shielding {*Slow rN+ Dex+3}
                  | (Okawaru gifted it to you on level 1 of the Lair of Beasts)
 14660 | Lair:1   | Received a gift from Okawaru
 15111 | Lair:2   | Noticed Nergalle
 15126 | Lair:2   | Reached skill level 10 in Stealth
 15127 | Lair:2   | Killed Nergalle
 15717 | Lair:3   | Found a staircase to the Swamp.
 16056 | Lair:3   | Gained mutation: A powerful demonic guardian rushes to your
                  | aid. [demonic ancestry]
 16056 | Lair:3   | Reached XP level 15. HP: 117/117 MP: 22/22
 16500 | Lair:4   | Found a hole to the Spider Nest.
 17495 | Lair:5   | Identified the +1 pair of gloves "Otiacven" {Str+4}
                  | (Okawaru gifted it to you on level 5 of the Lair of Beasts)
 17495 | Lair:5   | Received a gift from Okawaru
 17604 | Lair:5   | Reached skill level 10 in Invocations
 18096 | Lair:6   | Entered Level 6 of the Lair of Beasts
 18096 | Lair:6   | Found a staircase to the Slime Pits.
 18104 | Lair:6   | Reached skill level 10 in Evocations
 18286 | Lair:6   | Reached skill level 14 in Axes
 18563 | Lair:6   | Received a gift from Okawaru
 18563 | Lair:6   | Found the +8 mithril axe "Arga" {speed, Will+}
 18891 | Lair:6   | Identified the ring "Rukes" {rF+ Str+7 Dex+4}
 19006 | Lair:6   | Gained mutation: Your presence sometimes corrodes those you
                  | injure. [demonic ancestry]
 19006 | Lair:6   | Reached XP level 16. HP: 123/127 MP: 24/24
 19302 | Lair:6   | Received a gift from Okawaru
 19303 | Lair:6   | Reached skill level 10 in Armour
 20172 | Orc:1    | Entered Level 1 of the Orcish Mines
 20237 | Orc:1    | Found a radiant altar of Vehumet.
 20251 | Orc:1    | Noticed Sonja
 20258 | Orc:1    | Killed Sonja
 20872 | Orc:2    | Entered Level 2 of the Orcish Mines
 20912 | Orc:2    | Found a frozen archway.
 20914 | Orc:2    | Found a staircase to the Elven Halls.
 20947 | IceCv    | Entered an ice cave
 20958 | IceCv    | Found a transporter.
 20967 | IceCv    | Found a transporter.
 21210 | Orc:2    | Found Zehisos's Armour Boutique.
 21692 | Orc:2    | Noticed Urug
 21698 | Orc:2    | Killed Urug
 21704 | Orc:2    | Found Todaqo's Assorted Antiques.
 21711 | Orc:2    | Bought a scroll of blinking for 270 gold pieces
 21711 | Orc:2    | Bought a scroll labelled XOERGH CATICKU for 36 gold pieces
 21711 | Orc:2    | Bought a wand of acid (5) for 288 gold pieces
 21993 | Orc:2    | Found Quimudwi's Antique Armour Emporium.
 21996 | Orc:2    | Found Odghieth's Antique Weapon Shoppe.
 22149 | Elf:1    | Entered Level 1 of the Elven Halls
 23003 | Elf:1    | Reached skill level 15 in Axes
 23057 | Elf:1    | Received a gift from Okawaru
 23680 | Elf:1    | You are sucked into a shaft and drop 1 floor!
 24207 | Elf:1    | Found a radiant altar of Vehumet.
 24336 | Elf:2    | Reached XP level 17. HP: 128/135 MP: 25/25
 24523 | Elf:2    | Identified the +6 plate armour of the Imp {Str+3} (Okawaru
                  | gifted it to you on level 2 of the Elven Halls)
 24523 | Elf:2    | Received a gift from Okawaru
 25224 | Elf:2    | Found a huge runed translucent gate.
 25224 | Elf:2    | Found a huge runed translucent gate.
 25224 | Elf:2    | Found a huge runed translucent gate.
 25224 | Elf:2    | Found a huge runed translucent gate.
 25224 | Elf:2    | Found a huge runed translucent gate.
 25281 | Elf:2    | Noticed a deep elf blademaster
 26691 | Arena    | Entered the Arena
 26698 | Arena    | Killed a deep elf blademaster
 27179 | Elf:2    | Reached skill level 10 in Shields
 27618 | Elf:3    | Entered Level 3 of the Elven Halls
 27708 | Elf:3    | Received a gift from Okawaru
 29049 | Elf:3    | Noticed a deep elf master archer
 29051 | Arena    | Entered the Arena
 29057 | Arena    | Killed a deep elf master archer
 29057 | Arena    | Received a gift from Okawaru
 29101 | Elf:3    | Noticed a Brimstone Fiend
 29435 | Elf:3    | Identified the ring of Jinej {rF+ Str+3 Int+2 Stlth-}
 29435 | Elf:3    | Noticed a deep elf blademaster
 29439 | Arena    | Entered the Arena
 29453 | Arena    | Killed a deep elf blademaster
 29454 | Arena    | Reached skill level 16 in Axes
 29664 | Elf:3    | Reached XP level 18. HP: 137/144 MP: 27/27
 30377 | Elf:3    | Identified the +1 leather armour of Palirec {-Tele Rampage
                  | rN+ Str+2}
 30483 | Elf:3    | Got the Incunabulum of Shifting Snow
 30553 | Elf:3    | Identified the +8 dagger "Pulim" {venom, Will+}
 30556 | Elf:3    | Identified the +7 trident of Severance {antimagic, SInv
                  | Stlth+}
 31063 | Swamp:1  | Entered Level 1 of the Swamp
 31076 | Swamp:1  | Noticed a tentacled monstrosity
 31093 | Swamp:1  | Killed a tentacled monstrosity
 31162 | Swamp:1  | Noticed Mlioglotl
 31168 | Swamp:1  | Noticed a bone dragon
 31173 | Swamp:1  | Killed Mlioglotl
 32122 | Swamp:2  | Reached skill level 10 in Dodging
 32643 | Swamp:3  | Noticed a tentacled monstrosity
 32656 | Swamp:3  | Killed a tentacled monstrosity
 32665 | Swamp:3  | Identified the +4 longbow of Okawaru's Reproof {speed,
                  | rN+++ Int-2 Dex+6 Stlth-} (Okawaru gifted it to you on
                  | level 3 of the Swamp)
 32665 | Swamp:3  | Received a gift from Okawaru
 33815 | Swamp:4  | Entered Level 4 of the Swamp
 34089 | Swamp:4  | HP: 2/147 [bunyip[a spriggan druid] (41)]
 34089 | Swamp:4  | Mangled by a 19-headed hydra

Illustrated notes

Levels and vault maps discovered:
D:1:      dpeg_arrival_round_c, layout_loops_ring, basic_ecumenical_altar,
          st_stairs_4
D:2:      layout_basic, basic_altar, uniq_natasha
D:3:      layout_loops_ring, serial_shops,
          nicolae_shop_competitors_out_of_business, lemuel_old_faithful,
          uniq_crazy_yiuf_cottage
D:4:      layout_rooms, minmay_misc_feat_cross, dk_vineyard_2,
          amethyst_killhole, glass_columns_a, uniq_grinder, uniq_robin,
          uniq_blork_the_orc
D:5:      layout_basic, uniq_duvessa
D:6:      layout_basic, elyvilon_altar_4, minmay_temple_entry_large_hall,
          uniq_sigmund, uniq_maggie
D:7:      layout_cave_pods, nrook_campfire
D:8:      layout_gridville, fedhas_bush_and_centaur_altar,
          gammafunk_ghost_cemetery
D:9:      layout_basic, mainiacjoe_overflow_six_doors_small, enter_bailey_8,
          grunt_ministairs_8, minmay_bent, uniq_psyche
D:10:     layout_cave_pools, mainiacjoe_overflow_paths
D:11:     layout_roguey, due_lair_maze_entry_diamond, serial_undead,
          serial_undead_d, serial_undead_b, serial_undead_f, serial_undead_e,
          uniq_maurice, uniq_josephine
D:12:     layout_rooms, serial_shops, nicolae_shop_hallway_plus, enter_trove_2
D:13:     layout_irregular_city, david_vaults_2, gauntlet_entry_generic,
          serial_shops, shop, uniq_jorgrun
D:14:     minmay_the_grid_3x3 [minmay_the_grid_spin_star, minmay_the_grid_empty,
          minmay_the_grid_fan, minmay_the_grid_doors,
          minmay_the_grid_diamond_grid, minmay_the_grid_large_cup,
          minmay_the_grid_paths, minmay_the_grid_x,
          minmay_the_grid_prize_four_corners], layout_cross,
          hangedman_weighted_door, yredelemnul_forgotten_temple_becter
D:15:     grunt_enter_depths_snipers, layout_cave_pods,
          hangedman_decor_cross_pass
Temple:   dpeg_five_rooms_temple
Lair:1:   kb_forest_paths, layout_misc_corridors, uniq_gastronok
Lair:2:   layout_chaotic_city, infiniplex_staircase_pool_2, uniq_nergalle
Lair:3:   layout_gridlike, minmay_swamp_entry_wisps, lemuel_fruit_fields,
          serial_bayou_shore_b
Lair:4:   layout_regular_city, spider_nest_entry_web_field,
          chequers_serial_rivers_marsh, grunt_megastairs_1
Lair:5:   layout_cave_shapes, grunt_megastairs_4
Lair:6:   due_jungle_book, layout_long_grid, minmay_slime_entry_oklob_open,
          guppyfry_lair_drakes
Swamp:1:  layout_basic_swamp, evilmike_swamp_ruin_rubble_1,
          infiniplex_staircase_pool, uniq_mlioglotl
Swamp:2:  layout_basic_swamp, evilmike_swamp_ruin_house_2
Swamp:3:  nzn_winding_woodlands_medium [nzn_winding_woodlands_hourglass,
          nzn_winding_woodlands_5x15_river_crossing,
          nzn_winding_woodlands_5x5_open_star,
          nzn_winding_woodlands_5x5_default,
          nzn_winding_woodlands_center_triple_pond,
          nzn_winding_woodlands_5x5_closed_star,
          nzn_winding_woodlands_5x5_default,
          nzn_winding_woodlands_5x15_lazy_stream,
          nzn_winding_woodlands_5x5_checkerboard], layout_falls_marsh,
          nicolae_swamp_stair_fork
Swamp:4:  nzn_swamp_witches_coven, layout_basic_swamp
Orc:1:    layout_caves, basic_altar, mines1_david, uniq_sonja
Orc:2:    grunt_orc_community_town_hall, layout_diamond_mine,
          grunt_orc_community_big_house_2, grunt_orc_community_big_house_2,
          grunt_orc_community_house_3, grunt_orc_community_house_3,
          grunt_orc_community_house_3, grunt_orc_community_house_1,
          grunt_orc_community_house_2, grunt_orc_community_house_1,
          portal_ice_cave_entry_pillars_2, uniq_urug
Elf:1:    eino_elf_arrival_shootout, layout_geoelf_octagon, minmay_elf_sorcery,
          lemuel_upstairs_altar
Elf:2:    elven_hall_of_blades_hangedman_alternative
          [nicolae_blade_little_rooms], layout_geoelf_octagon, drop_trap,
          nrook_uturn
Elf:3:    elf_hall_gauntlet_wide, layout_geoelf_castle, corner_web_ring

Skill      XL: |  1  2  3  4  5  6  7  8  9 10 11 12 13 14 15 16 17 18 |
---------------+-------------------------------------------------------+-----
Axes           | 2 3 4 6 7 9 10 11 12 13 14 15 16 | 16.7
Evocations     | 1 2 3 4 5 6 7 8 9 10 11 12 | 12.1
Armour         | 3 4 5 6 7 8 9 10 11 12 | 12.0
Dodging        | 1 2 3 4 5 6 7 8 9 10 | 10.2
Shields        | 3 4 5 6 7 8 9 10 | 10.8
Fighting       | 4 5 6 7 8 9 10 11 12 13 14 | 14.4
Stealth        | 2 4 7 8 10 11 12 13 | 13.7
Invocations    | 3 5 7 8 9 10 11 12 13 | 13.5

Action                   |  1- 3 |  4- 6 |  7- 9 | 10-12 | 13-15 | 16-18 || total
-------------------------+-------+-------+-------+-------+-------+-------++-------
Melee: War axe           |   104 |   101 |   247 |   114 |       |       ||   566
       Tailslap          |       |     8 |    49 |   109 |   222 |   265 ||   653
       Broad axe         |       |       |       |   389 |   769 |  1199 ||  2357
Invok: Heroism           |       |       |       |     3 |     1 |     1 ||     5
       Duel              |       |       |       |       |       |     3 ||     3
Evoke: Wand              |       |       |       |    19 |    10 |    17 ||    46
  Use: Scroll            |       |     5 |     6 |    18 |     9 |    16 ||    54
       Potion            |       |     1 |     1 |       |       |     1 ||     3
 Stab: Petrified         |       |       |       |       |    11 |       ||    11
Armor: Scale mail        |    56 |     3 |       |       |       |       ||    59
       Chain mail        |       |    77 |    53 |       |       |       ||   130
       Plate armour      |       |       |   163 |       |       |       ||   163
       Crystal plate arm |       |       |    12 |   568 |   589 |   663 ||  1832
Dodge: Dodged            |    46 |    30 |    78 |   108 |   272 |   386 ||   920
Block: Buckler           |    27 |    30 |    80 |   208 |   262 |   365 ||   972
       Kite shield       |       |       |       |       |       |    81 ||    81
       Rpst.: War axe    |       |       |       |     4 |       |       ||     4
       Broad axe         |       |       |       |    15 |    57 |    64 ||   136
